 Dungeon Crawl Stone Soup version 0.19-a0 (webtiles) character file.

2870 Vetinari the Fighter (level 9, -8/59 HPs)
             Began as a Tengu Skald on Apr 27, 2016.
             Was a Priest of Okawaru.
             Shot with an arrow by a centaur warrior (12 damage)
             ... on level 9 of the Dungeon.
             The game lasted 00:32:15 (9970 turns).

Vetinari the Fighter (Tengu Skald)                  Turns: 9970, Time: 00:32:16

Health: -8/59      AC:  7    Str: 13 (14) XL:     9   Next: 76%
Magic:  0/13       EV: 24    Int: 12 (14) God:    Okawaru [***...]
Gold:   298        SH:  0    Dex: 19      Spells: 5 memorised, 2 levels left

rFire  . . .     SeeInvis .     r - +0 trident
rCold  . . .     Gourm    .     l - +0 ring mail
rNeg   . . .     Faith    .     (no shield)
rPois  .         Spirit   +     m - +1 hat
rElec  .         Dismiss  .     (no cloak)
rCorr  .         Reflect  .     (no gloves)
SustAt .         Harm     .     (boots unavailable)
MR     .....                    E - amulet of guardian spirit
Stlth  ++........               (no ring)
                                (no ring)

@: agile, flying quickly and evasively, drained, quick, not resistant to hostile
enchantments, unstealthy
A: beak, horns 1, talons 3, deterioration 2, able to fly 1
a: Heroism, Renounce Religion


You were on level 9 of the Dungeon.
You worshipped Okawaru.
Okawaru was most pleased with you.
You were hungry.

You visited 1 branch of the dungeon, and saw 9 of its levels.

You collected 610 gold pieces.
You spent 312 gold pieces at shops.

Inventory:

Hand Weapons
 a - a +0 spear
 r - a +0 trident (weapon)
   (You found it on level 4 of the Dungeon)
 B - a +0 dagger of electrocution
   (You took it off an orc wizard on level 5 of the Dungeon)
Missiles
 h - 10 tomahawks (quivered)
 i - 34 poisoned needles
Armour
 l - a +0 ring mail (worn)
   (You found it on level 1 of the Dungeon)
 m - a +1 hat (worn)
   (You found it on level 2 of the Dungeon)
 D - a +0 chain mail
   (You found it on level 6 of the Dungeon)
Jewellery
 E - an amulet of guardian spirit (around neck)
   (You found it on level 6 of the Dungeon)
 H - an uncursed ring of resist corrosion {unknown}
   (You found it on level 6 of the Dungeon)
Wands
 s - a wand of polymorph (12/24)
   (You found it on level 4 of the Dungeon)
 t - a wand of teleportation (0/9)
   (You found it on level 6 of the Dungeon)
 x - a wand of teleportation (0/9)
   (You found it on level 5 of the Dungeon)
 J - a wand of confusion (16/48)
   (You bought it in a shop on level 6 of the Dungeon)
Scrolls
 b - a scroll of fog
 k - a scroll of immolation
 o - a scroll of remove curse
 q - 2 scrolls of recharging
 y - a scroll of blinking {unknown}
 F - a scroll of enchant weapon {unknown}
 K - a scroll of silence {unknown}
 M - a scroll of noise {unknown}
 N - a scroll of acquirement {unknown}
 P - 2 scrolls of magic mapping {unknown}
 T - a scroll of random uselessness {unknown}
Potions
 e - a potion of degeneration {unknown}
 j - a potion of flight {unknown}
 p - 3 potions of curing
 v - a potion of mutation {unknown}
 w - 2 potions of berserk rage
 z - a potion of magic {unknown}
 A - a potion of might
 C - a potion of resistance
 I - a potion of ambrosia {unknown}
 L - a potion of heal wounds {unknown}
Comestibles
 c - 4 fruits
 d - 4 bread rations {@e1}
 g - 2 beef jerkies
 n - 5 meat rations {@e2}
 u - a slice of pizza
 G - 4 chunks of flesh {@w0}
 O - 6 mutagenic chunks of flesh {@w0}


   Skills:
 - Level 8.2(8.1) Fighting
 - Level 7.3(7.2) Polearms
 - Level 5.1 Armour
 + Level 6.7(6.6) Dodging
 - Level 2.1(2.0) Spellcasting
 - Level 2.4(2.3) Charms
 - Level 2.5(2.4) Invocations


You had 2 spell levels left.
You knew the following spells:

 Your Spells              Type           Power        Failure   Level  Hunger
a - Infusion              Chrm           #...         24%         1    ##.....
b - Spectral Weapon       Hex/Chrm       #.......     90%         3    ####...
c - Animate Skeleton      Necr           N/A          56%         1    ##.....
r - Regeneration          Chrm/Necr      #.........   90%         3    ####...
s - Shroud of Golubria    Chrm/Tloc      #.........   56%         2    ###....


Dungeon Overview and Level Annotations

Branches:
Dungeon (10/15)            Temple (0/1) D:6             Orc (0/2) D:9
   Lair: D:8-11

Altars:
Cheibriados
Dithmenos
Elyvilon
Kikubaaqudgha
Makhleb
Okawaru
Trog
Vehumet
Xom
Zin
The Shining One

Shops:
D:6 *


Innate Abilities, Weirdness & Mutations

You have a beak for a mouth.
You have claws for feet.
You can fly.
You have a pair of small horns on your head.
Your body often deteriorates upon taking damage.


Message History

You headbutt the human, but do no damage.
Your surroundings suddenly seem different.
You are near starving!
A hound and an ogre come into view.
The ogre shouts!
You hit the ogre. Your kick misses the ogre.
You headbutt the ogre, but do no damage.
The ogre completely misses you.
Unknown command.
You feel like a meek peon again. The hound misses you.
The hound closely misses you.
There is an open door here.
You float gracefully downwards.
You are no longer magically infusing your attacks.
The hound completely misses you.
You closely miss the hound. The hound closely misses you.
You closely miss the hound. The hound misses you. x2
You barely miss the hound. You claw the hound. You peck the hound.
The hound completely misses you.
You puncture the hound! The hound misses you. The hound completely misses you.
You miss the hound.
You headbutt the hound, but do no damage.
The hound barely misses you.
You barely miss the hound. You claw the hound, but do no damage.
Your headbutt misses the hound. The hound barely misses you.
The hound misses you.
You closely miss the hound. Your kick misses the hound.
You headbutt the hound, but do no damage.
The hound completely misses you.
You hit the hound.
You kill the hound!
Okawaru accepts your kill.
You swoop lightly up into the air.
You feel very comfortable in the air.
You feel somewhat more hungry. The ogre completely misses you.
You now have 1/13 mp.
Unknown command.
You hit the ogre. You claw the ogre. Your headbutt misses the ogre.
You peck the ogre. The ogre misses you.
You barely miss the ogre. You claw the ogre. You hit the ogre.
You claw the ogre. You headbutt the ogre. You peck the ogre.
The ogre hits you with a giant club!!
* * * LOW HITPOINT WARNING * * *
Your body deteriorates!
You feel weakened.
You take 16 damage, and have 13/59 hp.
MASSIVE DAMAGE!!
You now have 1/13 mp.
Unknown command.
Unknown command.
Unknown command.
Unknown command.
You see here a flail.
Attack whom?
Aim: an ogre, wielding a giant club (almost dead)
You reach to attack!
You hit the ogre.
You kill the ogre!
Okawaru accepts your kill.
You feel your dexterity returning.
Unknown command.
Things that are here:
a giant club; an ogre corpse You butcher the ogre corpse.
G - 5 chunks of flesh {@w0} (gained 4)
You see here a giant club.
Eating one of 5 chunks of flesh {@w0}.
You are feeling hungry.
You continue eating. x2
The centaur warrior wields a shortbow.
The centaur warrior shoots an arrow.
The arrow hits you!
* * * LOW HITPOINT WARNING * * *
Your body deteriorates!
You feel dopey.
The centaur warrior shoots an arrow.
The arrow closely misses you.
You take 11 damage, and have 4/59 hp.
You now have 1/13 mp.
Read which item? (? for menu, Esc to quit)
Okay, then.
Okay, then.
Drink which item? (? for menu, Esc to quit)
Okay, then.
Read which item? (? for menu, Esc to quit)
Okay, then.
Drink which item? (? for menu, Esc to quit)
Okay, then.
Okay, then.
Aim: a centaur warrior, wielding a shortbow (chance to defeat MR: 28%)
Okay, then.
Aim: a centaur warrior, wielding a shortbow (chance to defeat MR: 28%)
Okay, then.
Drink which item? (? for menu, Esc to quit)
Okay, then.
Read which item? (? for menu, Esc to quit)
Okay, then.
Read which item? (? for menu, Esc to quit)
Okay, then.
Aim: a centaur warrior, wielding a shortbow (chance to defeat MR: 28%)
The centaur warrior easily resists.
Evoking this partially-identified wand wasted a few charges.
The centaur warrior shoots an arrow.
The arrow hits you!
You die...

###.
#...........#
##.........##
#...........#
##.........## .
#...........#
...
######'######
.....####.# #.#
......c)..####.#
#
.....####.@(...#
oo #.. #.######


o8o' # #)# .o## #.# o## #:# o .## #.# ## ### #.# ######.## ####....# You could
see a centaur warrior.

Vanquished Creatures
  A deep elf mage (D:9)
  Menkaure (D:4)
  The ghost of Mefis the Magician, an amateur DEWz of Sif Muna (D:4)
  An ice beast (D:9)
  A necrophage (D:2)
  2 sky beasts
  4 centaurs
  The ghost of Yehuk the Ducker, an amateur DsMo (D:3)
  2 ogres
  A giant frog (D:6)
  A scorpion (D:9)
  A howler monkey (D:5)
  7 crimson imps
  3 hounds
  2 orc priests
  3 iron imps (D:3)
  2 giant frog skeletons
  2 iguanas (D:5)
  7 orc wizards
  6 worker ants
  A hound zombie (D:6)
  2 gnolls
  14 adders
  3 adder skeletons
  6 worms
  4 dart slugs
  4 giant geckos
  28 orcs
  7 bats
  8 giant cockroaches
  5 hobgoblins
  3 jackals (D:6)
  2 quokkas (D:6)
  2 ball pythons
  5 giant newts
  2 goblins (D:3)
  A goblin zombie (D:6)
  4 hobgoblin zombies (D:6)
  12 kobolds
  2 orc zombies (D:6)
  8 rats
172 creatures vanquished.

Notes
Turn   | Place    | Note
--------------------------------------------------------------
     0 | D:1      | Vetinari the Tengu Skald began the quest for the Orb.
     0 | D:1      | Reached XP level 1. HP: 12/12 MP: 4/4
   247 | D:1      | Reached XP level 2. HP: 16/17 MP: 6/6
   682 | D:2      | Reached skill level 3 in Polearms
   808 | D:2      | Reached XP level 3. HP: 21/21 MP: 7/7
   812 | D:2      | Learned a level 2 spell: Shroud of Golubria
   877 | D:2      | Reached skill level 4 in Polearms
  1152 | D:2      | Found a faded altar to an unknown god.
  1171 | D:2      | Became a worshipper of Warmaster Okawaru
  1171 | D:2      | Reached * piety under Okawaru
  1186 | D:2      | Found a white marble altar of Elyvilon.
  1195 | D:2      | Reached XP level 4. HP: 18/26 MP: 8/8
  1739 | D:3      | Found a bloodstained altar of Trog.
  1814 | D:3      | Noticed Yehuk's ghost (amateur DsMo)
  1850 | D:2      | Reached skill level 5 in Polearms
  1930 | D:3      | Found a burning altar of Makhleb.
  1957 | D:3      | Gained mutation: You can fly. [Tengu growth]
  1957 | D:3      | Reached XP level 5. HP: 23/30 MP: 5/9
  1991 | D:3      | HP: 4/30 [iron imp (7)]
  2082 | D:2      | Noticed a necrophage
  2143 | D:2      | HP: 6/30 [necrophage (4)]
  2150 | D:2      | Killed a necrophage
  2150 | D:2      | Reached skill level 6 in Polearms
  2454 | D:3      | Reached XP level 6. HP: 27/34 MP: 10/10
  2791 | D:3      | HP: 8/34 [Yehuk's ghost (1)]
  2799 | D:3      | HP: 6/34 [Yehuk's ghost (3)]
  2805 | D:3      | HP: 8/35 [Yehuk's ghost (5)]
  2814 | D:3      | HP: 5/35 [Yehuk's ghost (6)]
  2824 | D:3      | Killed Yehuk's ghost
  2824 | D:3      | Reached skill level 7 in Polearms
  3220 | D:3      | HP: 3/36 [worm (8)]
  3578 | D:3      | Reached skill level 3 in Fighting
  3679 | D:3      | Found a shadowy altar of Dithmenos.
  4131 | D:4      | Found a glowing silver altar of Zin.
  4206 | D:4      | Reached XP level 7. HP: 35/41 MP: 7/11
  4448 | D:4      | Noticed Mefis's ghost (amateur DEWz)
  4458 | D:4      | Killed Mefis's ghost
  4458 | D:4      | Reached skill level 4 in Fighting
  4642 | D:4      | Noticed Menkaure
  4650 | D:4      | Killed Menkaure
  4650 | D:4      | Reached ** piety under Okawaru
  4650 | D:4      | Reached skill level 5 in Fighting
  4820 | D:4      | Found a snail-covered altar of Cheibriados.
  4895 | D:4      | Reached skill level 1 in Invocations
  5316 | D:5      | Entered Level 5 of the Dungeon
  5356 | D:5      | Reached skill level 2 in Invocations
  5724 | D:5      | Reached XP level 8. HP: 30/50 MP: 3/12
  5848 | D:5      | HP: 12/50 [iguana (3)]
  5849 | D:5      | HP: 4/50 [iguana (8)]
  6371 | D:5      | Reached skill level 6 in Fighting
  6625 | D:5      | Gained mutation: You have a pair of small horns on your head. [mutagenic meat]
  6627 | D:5      | Gained mutation: Your body sometimes deteriorates upon taking damage. [mutagenic meat]
  6628 | D:5      | Gained mutation: Your body often deteriorates upon taking damage. [mutagenic meat]
  6718 | D:5      | Reached skill level 7 in Fighting
  7031 | D:5      | Found a shimmering altar of Xom.
  7253 | D:5      | Reached skill level 8 in Fighting
  7662 | D:6      | Reached skill level 2 in Armour
  7755 | D:6      | Learned a level 3 spell: Regeneration
  7759 | D:6      | Learned a level 3 spell: Spectral Weapon
  7760 | D:6      | Found an ancient bone altar of Kikubaaqudgha.
  7786 | D:6      | Found a glowing golden altar of the Shining One.
  8007 | D:6      | Reached skill level 3 in Armour
  8007 | D:6      | Reached XP level 9. HP: 49/59 MP: 1/13
  8280 | D:6      | Reached skill level 4 in Armour
  8418 | D:6      | Found a staircase to the Ecumenical Temple.
  8768 | D:6      | Found Eczica's Assorted Antiques.
  8774 | D:6      | Bought a runed silver wand for 144 gold pieces
  8774 | D:6      | Bought a scroll labeled VYHOHE BUONAI for 36 gold pieces
  8774 | D:6      | Bought a cyan potion for 32 gold pieces
  8774 | D:6      | Bought a green potion for 32 gold pieces
  8774 | D:6      | Bought a smoky coppery potion for 32 gold pieces
  8774 | D:6      | Bought a scroll labeled TAAVISAO ANUF for 36 gold pieces
  8921 | D:6      | Reached skill level 5 in Armour
  9238 | D:7      | You fall through a shaft for 3 floors!
  9238 | D:10     | Entered Level 10 of the Dungeon
  9245 | D:10     | Reached skill level 2 in Dodging
  9257 | D:9      | Found a staircase to the Orcish Mines.
  9278 | D:9      | Noticed a deep elf mage
  9286 | D:9      | Killed a deep elf mage
  9286 | D:9      | Reached *** piety under Okawaru
  9286 | D:9      | Reached skill level 4 in Dodging
  9546 | D:9      | Learned a level 1 spell: Animate Skeleton
  9564 | D:9      | Reached skill level 5 in Dodging
  9873 | D:9      | Reached skill level 6 in Dodging
  9912 | D:9      | Found a radiant altar of Vehumet.
  9922 | D:9      | Found an iron altar of Okawaru.
  9929 | D:9      | Noticed a wizard
  9931 | D:9      | Noticed a centaur warrior
  9955 | D:9      | HP: 13/59 [ogre/giant club (17)]
  9969 | D:9      | HP: 4/59 [centaur warrior/arrow (11)]
  9970 | D:9      | Shot with an arrow by a centaur warrior

Vault maps used:
D:1:      minmay_arrival_jagged, patterned_corridor
D:2:      elyvilon_altar_5, ecumenical_altar_1
D:3:      lemuel_round_altar, demons_altar, bloody_trog,
          minmay_misc_feat_ornament, minmay_misc_feat_rows
D:4:      cheibriados_altar_1, zin_academy, first_bread, uniq_menkaure
D:5:      led_xom_imps
D:6:      nicolae_tso_besieged_by_evil, lemuel_crystal_altar,
          minmay_temple_entry_poolview, nicolae_ossuary_entry_ruins,
          serial_shops, kennysheep_little_box, minmay_tree_intersection
D:7:      tgw_fedhas, serial_shops, nicolae_shop_stone, the_bakery
D:9:      hangedman_cross_veins, kennysheep_mini, okawaru_humans,
          hiddenorc2_lemuel, minmay_librarian
D:10:     special_room

Skill      XL: |  1  2  3  4  5  6  7  8  9 |
---------------+----------------------------+-----
Polearms       | 3 4 5 6 7 |  7.3
Fighting       | 3 5 8 |  8.2
Invocations    | 2 |  2.5
Armour         | 3 5 |  5.1
Dodging        | 6 |  6.7
Spellcasting   | |  2.1
Charms         | |  2.4

Action                   |  1- 3 |  4- 6 |  7- 9 || total
-------------------------+-------+-------+-------++-------
Melee: Spear             |    90 |   287 |       ||   377
       Kick              |    12 |    60 |   103 ||   175
       Peck              |     5 |    45 |    71 ||   121
       Trident           |       |     6 |   474 ||   480
       Punch             |       |     1 |     1 ||     2
       Headbutt          |       |       |    55 ||    55
 Cast: Infusion          |     7 |    13 |    29 ||    49
Invok: Heroism           |       |     4 |     4 ||     8
 Abil: Fly               |       |     6 |    13 ||    19
Evoke: Wand              |       |       |     5 ||     5
  Use: Potion            |       |     4 |     5 ||     9
       Scroll            |       |       |     5 ||     5
  Eat: Chunk             |       |    11 |    23 ||    34
       Pizza             |       |       |     1 ||     1
       Beef jerky        |       |       |     1 ||     1
Armor: Leather armour    |    11 |       |       ||    11
       Ring mail         |    14 |    57 |   132 ||   203
Dodge: Dodged            |    37 |    87 |   240 ||   364

Vault maps used:
D:1:      minmay_arrival_jagged, patterned_corridor
D:2:      elyvilon_altar_5, ecumenical_altar_1
D:3:      lemuel_round_altar, demons_altar, bloody_trog,
          minmay_misc_feat_ornament, minmay_misc_feat_rows
D:4:      cheibriados_altar_1, zin_academy, first_bread, uniq_menkaure
D:5:      led_xom_imps
D:6:      nicolae_tso_besieged_by_evil, lemuel_crystal_altar,
          minmay_temple_entry_poolview, nicolae_ossuary_entry_ruins,
          serial_shops, kennysheep_little_box, minmay_tree_intersection
D:7:      tgw_fedhas, serial_shops, nicolae_shop_stone, the_bakery
D:9:      hangedman_cross_veins, kennysheep_mini, okawaru_humans,
          hiddenorc2_lemuel, minmay_librarian
D:10:     special_room

Table legend:
 A = Turns spent in this place as a percentage of turns spent in the entire game.
 B = Non-inter-level travel turns spent in this place as a percentage of non-inter-level travel turns spent in the entire game.
 C = Inter-level travel turns spent in this place as a percentage of turns spent in this place.
 D = Turns resting spent in this place as a percentage of non-inter-level travel turns spent in this place.
 E = Turns spent auto-exploring this place as a percentage of non-inter-level travel turns spent in this place.
 F = Non-inter-level travel turns spent in this place divided by the number of levels of this place that you've seen.
                   A       B       C       D       E      F
               +-------+-------+-------+-------+-------+----------------------
         Total | 100.0 | 100.0 |   0.8 |   0.5 |  14.3 | 364.0
       Dungeon | 100.0 | 100.0 |   0.8 |   0.5 |  14.3 | 364.0
               +-------+-------+-------+-------+-------+----------------------

Table legend:
 A = Kills in this place as a percentage of kills in entire the game.
 B = Kills by you in this place as a percentage of kills by you in the entire game.
 C = Kills by friends in this place as a percentage of kills by friends in the entire game.
 D = Other kills in this place as a percentage of other kills in the entire game.
 E = Experience gained in this place as a percentage of experience gained in the entire game.
 F = Experience gained in this place divided by the number of levels of this place that you have seen.
                   A       B       C       D       E      F
               +-------+-------+-------+-------+-------+----------------------
         Total | 100.0 | 100.0 |  -nan |  -nan | 100.0 | 455.6
       Dungeon | 100.0 | 100.0 |  -nan |  -nan | 100.0 | 455.6
               +-------+-------+-------+-------+-------+----------------------
